 Dungeon Crawl Stone Soup version 0.18-a0-1800-gdc7a371 (webtiles) character file.

77 4thArraOfDagon the Skirmisher (level 4, -3/31 (35) HPs)
             Began as a Mummy Abyssal Knight on Apr 24, 2016.
             Was a Believer of Lugonu.
             Slain by a worm (5 damage)
             ... on level 3 of the Dungeon.
             The game lasted 00:04:01 (1337 turns).

4thArraOfDagon the Skirmisher (MuAK)                Turns: 1337, Time: 00:04:01

HP:   -3/31 (35)    AC:  5    Str: 15    XL:     4   Next: 13%
MP:   5/5           EV: 10    Int: 12    God:    Lugonu [**....]
Gold: 159           SH:  0    Dex: 11    Spells: 0 memorised, 3 levels left

rFire  x . .     SeeInvis .     a - +1 spear
rCold  + . .     Gourm    .     c - +0 ring mail (curse)
rNeg   + + +     Faith    .     (no shield)
rPois  ∞         Spirit   .     (no helmet)
rElec  .         Dismiss  .     (no cloak)
rCorr  .         Reflect  .     (no gloves)
SustAt .         Harm     .     (no boots)
MR     .....                    (no amulet)
Stlth  +.........               (no ring)
                                d - ring of flight

@: not resistant to hostile enchantments, very unstealthy
A: no food or potions, fire vulnerability, cold resistance 1, negative energy
resistance 3, torment resistance, unbreathing
a: Depart the Abyss, Bend Space, Renounce Religion, Evoke Flight


You were on level 3 of the Dungeon.
You worshipped Lugonu.
Lugonu was pleased with you.
You were not hungry.

You visited 1 branch of the dungeon, and saw 3 of its levels.
You visited the Abyss 1 time.

You collected 159 gold pieces.

Inventory:

Hand Weapons
 a - a +1 spear (weapon)
Missiles
 i - a throwing net (quivered)
Armour
 b - a +0 leather armour
 c - a cursed +0 ring mail (worn)
Jewellery
 d - a ring of flight (left hand)
Scrolls
 e - 3 scrolls of remove curse {unknown}
 f - a scroll of recharging {unknown}
 g - a scroll of magic mapping {unknown}
 j - a scroll of blinking {unknown}
 k - a scroll of random uselessness {unknown}
 l - 2 scrolls of enchant armour {unknown}
 m - 2 scrolls of amnesia {unknown}
 n - 4 scrolls of identify {unknown}
Miscellaneous
 h - a plain deck of defence


   Skills:
 - Level 3.0 Fighting
 * Level 2.5 Polearms
 + Level 2.0 Armour
 + Level 1.3 Dodging
 * Level 2.5 Invocations


You had 3 spell levels left.
You didn't know any spells.

Dungeon Overview and Level Annotations

Branches:
Dungeon (3/15)

Altars:
Dithmenos
Nemelex Xobeh

Annotations:
D:3 Grinder


Innate Abilities, Weirdness & Mutations

You do not eat or drink.
Your flesh is vulnerable to fire.
You are immune to poison.
Your flesh is cold resistant.
You are immune to negative energy.
You are immune to unholy pain and torment.
You can survive without breathing.


Message History

Unknown command.
Attack whom?
Press: ? - help, Dir - move target cursor, f/p - worm
Aim: a worm (severely wounded)
You reach to attack!
You hit the worm.
The worm is almost dead.
Attack whom?
Press: ? - help, Dir - move target cursor, f/p - worm
Aim: a worm (almost dead)
You reach to attack!
You barely miss the worm.
The worm is almost dead.
Attack whom?
Press: ? - help, Dir - move target cursor, f/p - worm
Aim: a worm (almost dead)
You reach to attack!
You barely miss the worm.
The worm is almost dead.
You hit the worm.
The worm is almost dead.
The worm bites you.
You die...

#.# #.# #.# #.# #.# #.#
#.# # #.# #.# #.# # #.#
#.####.### ###
##.###.###......... #..
#.........w@....# #.#
#.......#####...## #.#
....####..####.#...######.
#.# # #..................
#.#
#######.###.#########.#
#...............#
###.############# ###


You could see a worm.

Vanquished Creatures
  2 adders
  2 oozes
  3 dart slugs
  4 giant geckos
  9 bats
  2 giant cockroaches (D:2)
  4 goblins
  4 hobgoblins
  2 kobolds
  A quokka (D:1)
  5 giant newts
  3 rats
41 creatures vanquished.

Notes
Turn   | Place    | Note
--------------------------------------------------------------
     0 | Abyss:1  | 4thArraOfDagon the Mummy Abyssal Knight began the quest for the Orb.
     0 | Abyss:1  | Reached XP level 1. HP: 18/18 MP: 2/2
    37 | Abyss:1  | Noticed an Executioner
    37 | Abyss:1  | Noticed a neqoxec
    42 | Abyss:1  | Noticed a quasit
   128 | Abyss:2  | Noticed a ynoxinul
   129 | D:1      | Escaped the Abyss
   133 | D:1      | Reached * piety under Lugonu
   249 | D:2      | Found a faded altar to an unknown god.
   258 | D:2      | Reached XP level 2. HP: 20/20 MP: 3/3
   278 | D:2      | Reached skill level 1 in Dodging
   345 | D:1      | Found a sparkling altar of Nemelex Xobeh.
   466 | D:2      | Reached XP level 3. HP: 17/25 MP: 4/4
   668 | D:2      | Found a shadowy altar of Dithmenos.
   859 | D:3      | Reached ** piety under Lugonu
   879 | D:3      | Noticed Grinder
   881 | D:3      | Paralysed by Grinder for 4 turns
  1001 | D:1      | Reached XP level 4. HP: 23/31 MP: 5/5
  1329 | D:3      | HP: 1/31 [worm (6)]
  1337 | D:3      | Slain by a worm

Vault maps used:
D:1:      roderic_crop_circles_arrival_small, nemelex_deck
D:2:      ecumenical_altar_1, grunt_dithmenos_smoke
D:3:      uniq_grinder
Abyss:2:  hangedman_abyss_or_decor_jellyfish_corner, lemuel_flamethrower_3

Skill      XL: |  1  2  3  4 |
---------------+-------------+-----
Dodging        | 1 |  1.3
Polearms       | 2 |  2.5
Invocations    | 2 |  2.5
Armour         | 2 |  2.0
Fighting       | |  3.0

Action                   |  1- 3 |  4- 6 || total
-------------------------+-------+-------++-------
Melee: Spear             |   140 |    35 ||   175
Invok: Depart the Abyss  |     1 |       ||     1
Armor: Ring mail         |    62 |     1 ||    63
Dodge: Dodged            |    79 |     9 ||    88
